 Dungeon Crawl Stone Soup version 0.27-a0-1188-g73eefd5def (webtiles) character file.

Game seed: 13653806490945395309

303 bande the Shield-Bearer (level 6, -10/38 HPs)
             Began as a Gargoyle Fighter on May 22, 2021.
             Mangled by an ogre
             ... wielding a +0 giant club
              (19 damage)
             ... on level 4 of the Dungeon.
             The game lasted 00:08:31 (3963 turns).

bande the Shield-Bearer (Gargoyle Fighter)          Turns: 3963, Time: 00:08:32

Health: -10/38     AC: 16    Str: 20    XL:     6   Next: 38%
Magic:  6/6        EV:  8    Int:  9    God:
Gold:   162        SH:  9    Dex: 10    Spells: 5/5 levels left

rFire    + . .     SeeInvis .   a - +0 war axe
rCold    . . .     Faith    .   c - +0 kite shield
rNeg     + . .     Spirit   .   b - +0 scale mail
rPois    ∞         Reflect  .   n - +2 hat
rElec    +         Harm     .   (no cloak)
rCorr    .         Rampage  .   q - +1 pair of gloves
Will     .....                  e - +0 pair of boots
Stlth    ..........             (no amulet)
HPRegen  0.12/turn              m - ring of protection from fire
MPRegen  0.10/turn              (no ring)

@: studying Shields
A: sickness immunity, AC +4, negative energy resistance 1, electricity
resistance, torment resistance 1, petrification resistance
a: no special abilities


You were on level 4 of the Dungeon.
You visited 2 branches of the dungeon, and saw 5 of its levels.

You collected 162 gold pieces.

Inventory:

Hand Weapons
 a - a +0 war axe (weapon)
 p - a +0 flail
Armour
 b - a +0 scale mail (worn)
 c - a +0 kite shield (worn)
 e - a +0 pair of boots (worn)
 n - a +2 hat (worn)
 q - a +1 pair of gloves (worn)
Jewellery
 h - a ring of magical power
 m - a ring of protection from fire (left hand)
Wands
 j - a wand of acid (11)
 l - a wand of flame (15)
Scrolls
 i - 2 scrolls of identify
 o - 2 scrolls of blinking
 s - 2 scrolls of amnesia {unknown}
Potions
 d - a potion of might
 f - a potion of heal wounds
 g - 2 potions of magic
 k - a potion of curing
 r - a potion of resistance


   Skills:
 + Level 3.9 Fighting
 + Level 3.7 Axes
 + Level 4.1 Armour
 + Level 1.3 Dodging
 + Level 4.5 Shields
 * Level 1.2 Evocations


You had 5 spell levels left.
You didn't know any spells.
Your spell library contained the following spells:

 Spells                   Type           Power      Damage    Failure   Level
 Freeze                   Ice            0%         1d3       99%         1
 Magic Dart               Conj           0%         1d3       99%         1
 Sandblast                Erth           0%         2d4       99%         1
 Blink                    Tloc           N/A        N/A       100%        2
 Call Imp                 Summ           0%         N/A       100%        2
 Passwall                 Tmut/Erth      0%         N/A       100%        2
 Slow                     Hex            0%         N/A       100%        2
 Conjure Flame            Conj/Fire      0%         6-21      100%        3
 Frozen Ramparts          Ice            0%         1d2       100%        3
 Mephitic Cloud           Conj/Pois/Air  0%         N/A       100%        3
 Ozocubu's Armour         Ice            0%         N/A       100%        3
 Stone Arrow              Conj/Erth      0%         3d7       100%        3
 Hailstorm                Conj/Ice       0%         3d3       100%        4
 Petrify                  Tmut/Erth      0%         N/A       100%        4
 Lee's Rapid Deconstruct  Erth           0%         3d5*      100%        5
 Metabolic Englaciation   Hex/Ice        0%         N/A       100%        5


Dungeon Overview and Level Annotations

Branches:
Dungeon (4/15)             Temple (1/1) D:4

Altars:
Dithmenos
Fedhas
Gozag
Kikubaaqudgha
Qazlal
Uskayaw
Xom
Yredelemnul
Zin
Lugonu


Innate Abilities, Weirdness & Mutations

You are immune to sickness and miasma.
Your stone body is resilient. (AC +4)
You are immune to poison.
You resist negative energy. (rN+)
You are resistant to electric shocks. (rElec)
You are resistant to unholy torment.
You are immune to petrification.


Message History

The jackal bites you but does no damage.
You block the jackal's attack. x2; The jackal barely misses you.
You hit the jackal.
You kill the jackal!
You closely miss the jackal. The jackal barely misses you.
The jackal completely misses you.
Your shield prevents you from hitting the jackal.
The jackal bites you but does no damage.
You block the jackal's attack.
You hit the jackal.
The jackal is moderately wounded.
The jackal bites you but does no damage.
The jackal barely misses you. You block the jackal's attack.
You slash the jackal!
You kill the jackal!
No target in view!
s - a scroll labelled DUYWKA QEMU
s - 2 scrolls labelled DUYWKA QEMU (gained 1)
i - 2 scrolls of identify (gained 1)
There is an open door here.
You open the door.
An ogre comes into view. It is wielding a +0 giant club.
The ogre shouts!
There is an open door here.
A hound skeleton comes into view.
You barely miss the ogre.
The ogre hits you with a +0 giant club!!
Ouch! That really hurt!
You closely miss the ogre. You barely miss the hound skeleton.
The hound skeleton bites you but does no damage.
The ogre hits you with a +0 giant club!
* * * LOW HITPOINT WARNING * * *
The hound skeleton bites you but does no damage.
You slash the ogre!
The ogre is heavily wounded.
You slash the hound skeleton! The ogre closely misses you.
You block the hound skeleton's attack.
The ogre hits you with a +0 giant club!!
Ouch! That really hurt!
You die...

#..#
#.....######..#
##.##. .#######
#..# #.#.. ..##
#..# #.#..#...
#..# #.# ....
#... #.##...
#... #..##.#
#... ##.##Z#
#... #..'@#
#.## ####O#
#.## #.# #.##
... #... ....
#..# ..#...
#.(# .. ..##
#... ##. .##
##.# #####.#


You could see an ogre and a hound skeleton.

Vanquished Creatures
  2 orc priests
  Ijyb (D:3)
  An orc wizard (D:3)
  4 gnolls (D:4)
  6 adders
  3 worms
  A dart slug (D:2)
  3 orcs
  7 ball pythons
  5 endoplasms
  5 giant cockroaches
  3 goblins
  7 hobgoblins
  11 jackals
  2 quokkas (D:3)
  7 bats
  5 frilled lizards
  6 kobolds
  10 rats
89 creatures vanquished.

Notes
Turn   | Place    | Note
-------+----------+-------------------------------------------
     0 | D:1      | bande the Gargoyle Fighter began the quest for the Orb.
     0 | D:1      | Reached XP level 1. HP: 14/14 MP: 1/1
   116 | D:1      | Reached XP level 2. HP: 19/19 MP: 2/2
   414 | D:1      | Reached XP level 3. HP: 18/23 MP: 3/3
  1010 | D:2      | Reached XP level 4. HP: 27/29 MP: 4/4
  1096 | D:2      | Found a glowing silver altar of Zin.
  2066 | D:4      | Reached XP level 5. HP: 32/33 MP: 5/5
  2082 | D:4      | Reached skill level 1 in Dodging
  2614 | D:3      | Reached XP level 6. HP: 38/38 MP: 6/6
  2701 | D:3      | Found a faded altar of an unknown god.
  2759 | D:4      | Noticed Ijyb
  2769 | D:3      | Killed Ijyb
  2770 | D:3      | Reached skill level 1 in Evocations
  3006 | D:4      | Found a staircase to the Ecumenical Temple.
  3037 | Temple   | Entered the Ecumenical Temple
  3699 | D:4      | Identified a scroll of acquirement
  3699 | D:4      | Acquired a manual of Shields
  3963 | D:4      | Mangled by an ogre

Illustrated notes

Levels and vault maps discovered:
D:1:      eino_arrival_water_cross, layout_basic, kennysheep_nondescript,
          minivault_26, dk_noncrumbling_2
D:2:      layout_basic, basic_altar
D:3:      layout_loops_ring, basic_ecumenical_altar
D:4:      minmay_octagon_keep, layout_basic, minmay_temple_entry_overgrown,
          uniq_ijyb
Temple:   corrupted_temple

Skill      XL: |  1  2  3  4  5  6 |
---------------+-------------------+-----
Axes           | 2 3 |  3.7
Shields        | 4 |  4.5
Dodging        | 1 |  1.3
Armour         | 4 |  4.1
Evocations     | 1 |  1.2
Fighting       | |  3.9

Action                   |  1- 3 |  4- 6 || total
-------------------------+-------+-------++-------
Melee: War axe           |   106 |   197 ||   303
  Use: Potion            |     2 |       ||     2
       Scroll            |     2 |     6 ||     8
Armor: Scale mail        |    81 |   120 ||   201
Dodge: Dodged            |    40 |    70 ||   110
Block: Kite shield       |    79 |   111 ||   190

Table legend: (Time is in decaauts)
 A = Elapsed time spent in this place.
 B = Non-inter-level travel time spent in this place.
 C = Inter-level travel time spent in this place.
 D = Time resting spent in this place.
 E = Time spent auto-exploring this place.
 F = Levels seen in this place.
 G = Mean time per level.
                   A        B        C        D        E       F      G
               +--------+--------+--------+--------+--------+-----+--------+
         Total |   4146 |   4146 |      0 |    468 |   2648 |   5 |  829.2 |
       Dungeon |   4089 |   4089 |      0 |    468 |   2609 |   4 | 1022.2 |
        Temple |     57 |     57 |      0 |      0 |     39 |   1 |   57.0 |
               +--------+--------+--------+--------+--------+-----+--------+

Top non-repeatable levels by time:
     D:4: 1208 daAuts
     D:3: 1124 daAuts
     D:2: 910 daAuts
     D:1: 845 daAuts
  Temple: 57 daAuts
